 Dungeon Crawl Stone Soup version 0.31.0-9-g3a7656b989 (webtiles) character file.

Game seed: 2125784784441963510

91 Eitelfritz the Slasher (level 4, 0/37 HPs)
             Began as a Minotaur Gladiator on Jan 26, 2024.
             Slain by a gnoll
             ... wielding a +0 spear
              (2 damage)
             ... on level 3 of the Dungeon.
             The game lasted 00:02:30 (1799 turns).

Eitelfritz the Slasher (Minotaur Gladiator)         Turns: 1799, Time: 00:02:31

Health: 0/37       AC:  7    Str: 18    XL:     4   Next: 34%
Magic:  3/3        EV: 12    Int:  7    God:
Gold:   145        SH:  0    Dex: 12    Spells: 3/3 levels left

rFire   . . .        a - +0 long sword
rCold   . . .        (no shield)
rNeg    . . .        b - +0 leather armour
rPois   .            c - +0 hat
rElec   .            (no cloak)
rCorr   .            (no gloves)
SInv    .            (no boots)
Will    .....        (no amulet)
Stlth   +            h - +4 ring of protection
HPRegen 0.26/turn    (no ring)
MPRegen 0.08/turn

%: no passive effects
@: no status effects
A: horns 2, retaliatory headbutt
a: no special abilities


You were on level 3 of the Dungeon.
You visited 1 branch of the dungeon, and saw 3 of its levels.

You collected 145 gold pieces.

Inventory:

Hand Weapons
 a - a +0 long sword (weapon)
Missiles
 d - 3 throwing nets (quivered)
 e - a javelin
Armour
 b - a +0 leather armour (worn)
 c - a +0 hat (worn)
 f - a +0 chain mail
Jewellery
 h - a +4 ring of protection (left hand)
 l - a ring of positive energy
Wands
 j - a wand of iceblast (11)
 m - a wand of paralysis (6)
Scrolls
 g - a scroll of silence {unknown}
 n - a scroll of poison {unknown}
 o - a scroll of enchant weapon {unknown}
Potions
 i - a potion of heal wounds {unknown}
 k - a potion of curing {unknown}
 p - a potion of magic {unknown}


   Skills:
 + Level 2.8 Fighting
 + Level 4.8 Long Blades
 + Level 2.3 Throwing
 + Level 1.8 Armour
 + Level 3.9 Dodging
 + Level 0.2 Stealth


You had 3 spell levels left.
You didn't know any spells.
Your spell library was empty.

Dungeon Overview and Level Annotations

Branches:
Dungeon (3/15)

Altars:


Innate Abilities, Weirdness & Mutations

You have a pair of horns on your head.
You reflexively headbutt those who attack you in melee.


Message History

The gnoll hits you from afar with a +0 spear.
The gnoll hits you with a +0 whip.
* * * LOW HITPOINT WARNING * * *
You hit the gnoll.
The gnoll is moderately wounded.
The gnoll hits you but does no damage.
You slash the gnoll!
You headbutt the gnoll, but do no damage.
The gnoll is severely wounded.
The gnoll hits you from afar with a +0 spear.
* * * LOW HITPOINT WARNING * * *
The gnoll attacks as it pursues you! The gnoll hits you with a +0 whip.
* * * LOW HITPOINT WARNING * * *
You hit the gnoll.
You headbutt the gnoll, but do no damage.
The gnoll is almost dead.
The gnoll closely misses you. The gnoll hits you with a +0 whip.
* * * LOW HITPOINT WARNING * * *
The gnoll attacks as it pursues you! The gnoll barely misses you.
The gnoll attacks as it pursues you! The gnoll closely misses you.
The gnoll attacks as it pursues you! The gnoll closely misses you.
You hit the gnoll.
The gnoll is almost dead.
The gnoll hits you but does no damage. The gnoll attacks as it pursues you!
The gnoll hits you but does no damage.
You hit the gnoll.
You kill the gnoll!
The gnoll attacks as it pursues you! The gnoll misses you.
The gnoll attacks as it pursues you! The gnoll closely misses you.
The gnoll hits you but does no damage. The gnoll attacks as it pursues you!
The gnoll hits you from afar with a +0 spear!
* * * LOW HITPOINT WARNING * * *
The gnoll attacks as it pursues you!
The gnoll hits you from afar with a +0 spear.
* * * LOW HITPOINT WARNING * * *
The gnoll attacks as it pursues you! The gnoll completely misses you.
The gnoll attacks as it pursues you!
The gnoll hits you from afar with a +0 spear.
You die...

#......# #..
######.# #..
#.....# ##.
#.###.# #. #.#
#.# #### #.#
#.#########...
#.#
#.............
#.#
#.#########...
#@# #.# ####
#.# #.# #
#g###.########
#
#...#........#
#
###.########.#
#g# #.# #.#
#.# #g# #.#
#.# #.#


You could see a gnoll.

Vanquished Creatures
  Jessica (D:3)
  2 gnolls (D:3)
  A dart slug (D:1)
  A ribbon worm (D:2)
  3 ball pythons
  5 endoplasms
  A giant cockroach (D:2)
  6 goblins
  5 hobgoblins
  5 kobolds
  2 quokkas
  A bat (D:1)
  3 frilled lizards
  5 rats
41 creatures vanquished.

Notes
Turn   | Place    | Note
-------+----------+-------------------------------------------
     0 | D:1      | Eitelfritz the Minotaur Gladiator began the quest for the
                  | Orb.
     0 | D:1      | Reached XP level 1. HP: 18/18 MP: 0/0
   124 | D:1      | Reached skill level 4 in Long Blades
   229 | D:1      | Reached XP level 2. HP: 25/25 MP: 1/1
   847 | D:2      | Reached XP level 3. HP: 29/30 MP: 2/2
  1511 | D:3      | Noticed Jessica
  1523 | D:3      | Killed Jessica
  1524 | D:3      | Reached skill level 1 in Armour
  1572 | D:3      | Reached XP level 4. HP: 37/37 MP: 3/3
  1795 | D:3      | HP: 1/37 [gnoll/+0 spear (2)]
  1799 | D:3      | Slain by a gnoll

Illustrated notes

Levels and vault maps discovered:
D:1:      heliophobic_arrival_enchanted_forest, layout_loops_ring
D:2:      minmay_door_path, layout_loops_cross
D:3:      layout_loops_ring, minitemple, nicolae_grassy_gnolls, uniq_jessica

Skill      XL: |  1  2  3 |
---------------+----------+-----
Long Blades    | 4 |  4.8
Armour         | 1 |  1.8
Fighting       | |  2.8
Throwing       | |  2.3
Dodging        | |  3.9
Stealth        | |  0.2

Action                     |  1- 3 |  4- 6 || total
---------------------------+-------+-------++-------
  Melee: Long sword        |    60 |    19 ||    79
         Headbutt          |    14 |     3 ||    17
   Stab: Sleeping          |     1 |       ||     1
 Armour: Leather armour    |    33 |    20 ||    53
  Dodge: Dodged            |    44 |    17 ||    61
